 Dungeon Crawl Stone Soup version 0.28.0-1-gb440e238dd (webtiles) character file.

Game seed: 2592633308330697026

1308 Woods the Cleaver (level 8, 0/66 HPs)
             Began as a Minotaur Fighter on Feb 22, 2022.
             Slain by an orc warrior (15 damage)
             ... on level 5 of the Dungeon.
             The game lasted 00:05:33 (4584 turns).

Woods the Cleaver (Minotaur Fighter)                Turns: 4584, Time: 00:05:33

Health: 0/66       AC: 15    Str: 20 (21) XL:     8   Next: 32%
Magic:  7/7        EV:  5    Int:  2 (5)  God:
Gold:   214        SH:  4    Dex: 11 (12) Spells: 7/7 levels left

rFire   . . .      SeeInvis .   a - +0 war axe
rCold   . . .      Faith    .   c - +0 buckler
rNeg    . . .      Spirit   .   q - +0 plate armour
rPois   .          Reflect  .   (helmet restricted)
rElec   .          Harm     .   h - +2 cloak
rCorr   .          Rampage  .   r - +0 pair of gloves
Will    .....                   (no boots)
Stlth   ..........              (no amulet)
HPRegen 0.21/turn               p - ring of flight
MPRegen 0.10/turn               (no ring)

@: flying
A: horns 2, retaliatory headbutt
a: no special abilities


You were on level 5 of the Dungeon.
You visited 1 branch of the dungeon, and saw 6 of its levels.

You collected 214 gold pieces.

Inventory:

Hand Weapons
 a - a +0 war axe (weapon)
Armour
 c - a +0 buckler (worn)
 h - a +2 cloak (worn)
 q - a +0 plate armour (worn)
 r - a +0 pair of gloves (worn)
 t - a +0 tower shield
Jewellery
 p - a ring of flight (left hand)
Wands
 s - a wand of flame (16)
 u - a wand of paralysis (2)
Scrolls
 b - 2 scrolls of fog {unknown}
 e - a scroll of enchant weapon {unknown}
 f - a scroll of amnesia {unknown}
 g - a scroll of fear {unknown}
 j - 4 scrolls of identify {unknown}
 k - a scroll of teleportation {unknown}
 l - a scroll of noise {unknown}
Potions
 d - a potion of attraction
 i - a potion of degeneration
 m - a potion of heal wounds
 n - a potion of ambrosia {unknown}
 o - a potion of might


   Skills:
 - Level 3.6 Fighting
 + Level 12.1 Axes
 - Level 3.6 Armour
 - Level 1.2 Dodging
 - Level 0.2 Stealth
 - Level 3.6 Shields


You had 7 spell levels left.
You didn't know any spells.
Your spell library contained the following spells:

 Spells                   Type           Power      Damage    Failure   Level
 Ensorcelled Hibernation  Hex/Ice        0%         N/A       100%        2
 Passwall                 Tmut/Erth      0%         N/A       100%        2
 Swiftness                Air            0%         N/A       100%        3


Dungeon Overview and Level Annotations

Branches:
Dungeon (6/15)
 Temple: D:4-7

Altars:

Shops:
D:5 *

Annotations:
D:3 1 transporter, Zeld's ghost, amateur GrEE


Innate Abilities, Weirdness & Mutations

You have a pair of horns on your head.
You reflexively headbutt those who attack you in melee.


Message History

Something is attracted toward you. Something is attracted toward you.
The orc wizard is attracted toward you. Something is attracted toward you.
The orc wizard is attracted toward you. The orc is attracted toward you.
The orc wizard is attracted toward you. The orc wizard is attracted toward you.
Something is attracted toward you. The orc is attracted toward you.
Something is attracted toward you. The orc is attracted toward you.
Something is attracted toward you.
The orc warrior is attracted toward you.
Something is attracted toward you. The orc wizard is attracted toward you.
The orc warrior is attracted toward you.
The orc warrior is attracted toward you.
The orc is attracted toward you.
The orc warrior is attracted toward you.
Something is attracted toward you.
There is an escape hatch in the ceiling here.
The orc warrior hits you with a +0 battleaxe!
A mysterious force pulls you upwards. The hatch slams shut behind you.
Reactivating autopickup.
You hit the orc warrior but do no damage.
The orc warrior completely misses you.
You closely miss the orc warrior. The orc warrior closely misses you.
You slash the orc warrior!
The orc warrior is heavily wounded.
The orc warrior hits you with a +0 battleaxe!
* * * LOW HITPOINT WARNING * * *
You hit the orc warrior but do no damage.
You headbutt the orc warrior, but do no damage.
The orc warrior is heavily wounded.
The orc warrior hits you but does no damage.
You feel less attractive to monsters.
You hit the orc warrior.
The orc warrior is heavily wounded.
You block the orc warrior's attack.
You hit the orc warrior but do no damage.
The orc warrior is heavily wounded.
The orc warrior hits you with a +0 battleaxe!
You die...

.............................###
..............................#
##...##...................#.#####
∩#...#......................####.
.#...............................
∩#....#...........)<.............
.#....#...................###....
∩#........................##...##
##........(.....@........(......#
##.............o..............###
.#..........................###
##...........................#
.#.....<.....................#
............(................#
............................##
..................#........##
..#........##.....##...#..##


You could see an orc warrior.

Vanquished Creatures
  Grinder (D:4)
  A water moccasin (D:6)
  An orc warrior (D:4)
  A sky beast (D:3)
  An ice beast (D:6)
  An ogre (D:4)
  A phantom (D:5)
  A scorpion (D:4)
  A wyvern zombie (D:6)
  2 howler monkeys (D:5)
  A centaur zombie (D:5)
  A jelly (D:5)
  An orc priest (D:3)
  4 orc wizards
  A killer bee zombie (D:5)
  A hound zombie (D:5)
  5 adders
  An adder zombie (D:5)
  3 worms (D:2)
  2 dart slugs
  12 orcs
  11 ball pythons
  8 endoplasms
  7 giant cockroaches
  3 goblins
  10 hobgoblins
  4 kobolds
  2 quokkas
  7 bats
  A frilled lizard (D:2)
  6 rats
102 creatures vanquished.

Notes
Turn   | Place    | Note
-------+----------+-------------------------------------------
     0 | D:1      | Woods the Minotaur Fighter began the quest for the Orb.
     0 | D:1      | Reached XP level 1. HP: 19/19 MP: 0/0
   133 | D:1      | Reached skill level 3 in Axes
   195 | D:1      | Reached XP level 2. HP: 21/27 MP: 1/1
   714 | D:1      | Reached skill level 4 in Axes
   831 | D:1      | Reached XP level 3. HP: 33/33 MP: 2/2
  1447 | D:2      | Reached skill level 5 in Axes
  1466 | D:2      | Reached XP level 4. HP: 37/40 MP: 3/3
  1774 | D:3      | Found a faded altar of an unknown god.
  2044 | D:3      | Noticed a sky beast
  2062 | D:3      | Killed a sky beast
  2063 | D:3      | Reached skill level 6 in Axes
  2063 | D:3      | Reached skill level 1 in Dodging
  2063 | D:3      | Reached XP level 5. HP: 32/46 MP: 4/4
  2290 | D:3      | Reached skill level 7 in Axes
  2356 | D:3      | Reached XP level 6. HP: 48/52 MP: 5/5
  2410 | D:3      | Noticed Zeld's ghost (amateur GrEE)
  2411 | D:3      | Found a transporter.
  2416 | D:3      | Identified the +3 great mace "Baxt" {vamp, rElec rN+}
  2939 | D:4      | Noticed Grinder
  2942 | D:4      | Paralysed by Grinder for 2 turns
  2956 | D:4      | Killed Grinder
  2957 | D:4      | Reached skill level 9 in Axes
  2957 | D:4      | Reached XP level 7. HP: 58/58 MP: 6/6
  3475 | D:5      | Entered Level 5 of the Dungeon
  3491 | D:4      | Reached skill level 10 in Axes
  3824 | D:5      | Found Orudey's CLEARANCE SALE!.
  3864 | D:5      | Reached skill level 11 in Axes
  3864 | D:5      | Reached XP level 8. HP: 54/66 MP: 7/7
  4556 | D:6      | Reached skill level 12 in Axes
  4584 | D:5      | Slain by an orc warrior

Illustrated notes

Levels and vault maps discovered:
D:1:      scummos_arrival_simple_crosswalls, layout_basic, interstate_on_off,
          minmay_octomino_c4
D:2:      layout_basic, minmay_misc_feat_more_columns, hangedman_decor_opposing
D:3:      layout_loops_ring, gammafunk_ghost_smash,
          ebering_ecumenical_altar_hall
D:4:      layout_basic, kennysheep_small_square, uniq_grinder
D:5:      layout_cave_pools, nicolae_shop_clearance
D:6:      layout_basic

Skill      XL: |  1  2  3  4  5  6  7  8 |
---------------+-------------------------+-----
Axes           | 3 4 5 6 7 9 11 12 | 12.1
Dodging        | 1 |  1.2
Fighting       | |  3.6
Armour         | |  3.6
Stealth        | |  0.2
Shields        | |  3.6

Action                   |  1- 3 |  4- 6 |  7- 9 || total
-------------------------+-------+-------+-------++-------
Melee: War axe           |    95 |    97 |    69 ||   261
       Headbutt          |    11 |    13 |    14 ||    38
  Use: Potion            |       |     1 |     3 ||     4
Armor: Scale mail        |    42 |    43 |       ||    85
       Chain mail        |       |     4 |    11 ||    15
       Plate armour      |       |       |    34 ||    34
Dodge: Dodged            |    48 |    42 |    17 ||   107
Block: Buckler           |    14 |    23 |    15 ||    52
